 Dungeon Crawl Stone Soup version 0.31-a0-750-gfe7b580527 (webtiles) character file.

Game seed: 5534719634199688390

406 CowFu the Skirmisher (level 7, -8/40 HPs)
             Began as a Kobold Hunter on Sept 15, 2023.
             Mangled by Edmund
             ... wielding a +5 dire flail of holy wrath
              (13 damage)
             ... on level 5 of the Dungeon.
             The game lasted 00:03:50 (3272 turns).

CowFu the Skirmisher (Kobold Hunter)                Turns: 3272, Time: 00:03:50

Health: -8/40      AC:  4    Str:  9    XL:     7   Next: 12%
Magic:  7/7        EV: 14    Int: 10    God:
Gold:   200        SH:  0    Dex: 20    Spells: 6/6 levels left

rFire   . . .        a - +0 shortbow
rCold   . . .        (shield currently unavailable)
rNeg    . . .        c - +0 leather armour
rPois   .            (no helmet)
rElec   .            s - +0 cloak
rCorr   .            (no gloves)
SInv    .            (no boots)
Will    .....        (no amulet)
Stlth   +++          (no ring)
HPRegen 0.26/turn    (no ring)
MPRegen 0.10/turn

%: no passive effects
@: no status effects
A: small, no large weapons, nightstalker 3
a: no special abilities


You were on level 5 of the Dungeon.
You visited 1 branch of the dungeon, and saw 5 of its levels.

You collected 200 gold pieces.

Inventory:

Hand Weapons
 a - a +0 shortbow (weapon)
 b - a +4 quarterstaff of chaos
 t - a +0 dagger of venom
Armour
 c - a +0 leather armour (worn)
 s - a +0 cloak (worn)
Jewellery
 j - an amulet of reflection
Wands
 w - a wand of charming (12)
Scrolls
 d - 5 scrolls of identify {unknown}
 e - a scroll of butterflies
 g - 4 scrolls of teleportation {unknown}
 h - 2 scrolls of enchant armour {unknown}
 k - a scroll of summoning {unknown}
 o - a scroll of amnesia {unknown}
 r - a scroll of revelation {unknown}
 v - a scroll of immolation {unknown}
Potions
 f - a potion of cancellation {unknown}
 i - 2 potions of berserk rage {unknown}
 l - 2 potions of heal wounds {unknown}
 m - 2 potions of brilliance {unknown}
 n - a potion of haste {unknown}
 p - 2 potions of lignification {unknown}
 q - 3 potions of degeneration {unknown}
 u - a potion of curing {unknown}


   Skills:
 - Level 2.1 Fighting
 + Level 10.4 Ranged Weapons
 - Level 2.4 Dodging
 - Level 1.3 Stealth


You had 6 spell levels left.
You didn't know any spells.
Your spell library contained the following spells:

 Spells                   Type           Power      Damage    Failure   Level
 Shock                    Conj/Air       0%         1d3       47%         1
 Stone Arrow              Conj/Erth      0%         3d7       85%         3
 Swiftness                Air            0%         N/A       85%         3
 Airstrike                Air            0%         2d(0-16)  99%         4
 Animate Armour           Summ/Erth      0%         N/A       99%         4
 Lehudib's Crystal Spear  Conj/Erth      0%         10d2      100%        8


Dungeon Overview and Level Annotations

Branches:
Dungeon (5/15)
 Temple: D:4-7

Altars:
Wu Jian
Xom

Shops:
D:3 =

Annotations:
D:5 Edmund


Innate Abilities, Weirdness & Mutations

You are small and have problems with some larger weapons.
You are completely attuned to the shadows.


Message History

Edmund is nearby!
You shoot an arrow. The arrow hits Edmund.
Edmund is lightly wounded.
Edmund barely misses you.
You shoot an arrow. The arrow hits Edmund!
Edmund is moderately wounded.
Edmund hits you with a +5 dire flail of holy wrath!
You shoot an arrow. The arrow hits Edmund.
Edmund is moderately wounded.
Edmund says, "I might not be good at magic, but I can still kill you!"
Edmund hits you with a +5 dire flail of holy wrath.
You shoot an arrow.
The arrow hits Edmund but does no damage.
Edmund is moderately wounded.
Edmund closely misses you.
You shoot an arrow. The arrow hits Edmund.
Edmund is heavily wounded.
Edmund closely misses you.
You shoot an arrow.
The arrow hits Edmund but does no damage.
Edmund is heavily wounded.
You shoot an arrow. The arrow barely misses Edmund.
Edmund barely misses you.
You shoot an arrow. The arrow hits Edmund!
Edmund is heavily wounded.
Edmund hits you with a +5 dire flail of holy wrath.
You shoot an arrow. The arrow completely misses Edmund.
Edmund hits you with a +5 dire flail of holy wrath!
* * * LOW HITPOINT WARNING * * *
You are too injured to fight recklessly!
You are too injured to fight recklessly!
You are too injured to fight recklessly!
Fire: a) +0 shortbow
Press: ? - help, Q - select action, (/) - cycle Shift-Dir - straight line, f/p - Edmund
Aim: Edmund, wielding a +5 dire flail of holy wrath and wearing a +0 ring mail (heavily wounded, 71% to hit)
You shoot an arrow.
The arrow hits Edmund but does no damage.
Edmund is heavily wounded.
Edmund hits you with a +5 dire flail of holy wrath!
You die...
Edmund whines, "They better pay attention to me now!"

#...............
#...
#........######
#..<.....#
#..).....#
#........#
#........#
#........#
#........######
#.........@@...
#..............
#########......
#...... #......


You could see Edmund.

Vanquished Creatures
  An ogre (D:5)
  A phantom (D:4)
  A scorpion (D:4)
  An orc priest (D:3)
  Crazy Yiuf (D:3)
  An orc wizard (D:3)
  2 adders
  3 dart slugs
  2 worms
  5 orcs
  8 endoplasms
  3 giant cockroaches
  5 goblins
  6 hobgoblins
  2 jackals (D:4)
  4 kobolds (D:2)
  7 quokkas
  3 ball pythons
  7 bats
  5 frilled lizards
  4 rats
72 creatures vanquished.

Notes
Turn   | Place    | Note
-------+----------+-------------------------------------------
     0 | D:1      | CowFu the Kobold Hunter began the quest for the Orb.
     0 | D:1      | Reached XP level 1. HP: 12/12 MP: 1/1
   279 | D:1      | Reached XP level 2. HP: 14/17 MP: 2/2
   339 | D:1      | Reached skill level 6 in Ranged Weapons
   594 | D:1      | Reached XP level 3. HP: 21/21 MP: 3/3
  1224 | D:2      | Reached skill level 7 in Ranged Weapons
  1427 | D:2      | Reached XP level 4. HP: 26/26 MP: 4/4
  1616 | D:3      | Found Qufuj's Jewellery Shop.
  1764 | D:3      | Found a faded altar of an unknown god.
  1839 | D:3      | Found a shimmering altar of Xom.
  1876 | D:3      | Reached XP level 5. HP: 30/30 MP: 5/5
  2065 | D:3      | Found a runed translucent door.
  2068 | D:3      | Noticed Crazy Yiuf
  2170 | D:3      | Reached skill level 8 in Ranged Weapons
  2652 | D:3      | Killed Crazy Yiuf
  2747 | D:4      | Reached skill level 9 in Ranged Weapons
  2747 | D:4      | Reached XP level 6. HP: 35/35 MP: 6/6
  3067 | D:4      | Found an ornate altar of the Wu Jian Council.
  3071 | D:4      | Noticed a spectral centipede
  3071 | D:4      | Noticed a spectral black mamba
  3071 | D:4      | Noticed a spectral cane toad
  3133 | D:5      | Entered Level 5 of the Dungeon
  3133 | D:5      | Noticed an ogre
  3142 | D:5      | Killed an ogre
  3143 | D:5      | Reached skill level 10 in Ranged Weapons
  3143 | D:5      | Reached XP level 7. HP: 40/40 MP: 7/7
  3259 | D:5      | Noticed Edmund
  3272 | D:5      | Mangled by Edmund

Illustrated notes

Levels and vault maps discovered:
D:1:      minmay_arrival_semitransparent, layout_basic
D:2:      layout_basic, kennysheep_flooded_box
D:3:      layout_basic, xom_teletrap_fun, serial_shops, shop,
          shapermc_ecumenical_altar_mp_urbaneastern, nrook_mini_vaults,
          uniq_crazy_yiuf_cottage
D:4:      layout_basic, pdpol_wu_jian_five_deadly_venoms, serial_curves,
          eino_curves_04, eino_curves_01, eino_curves_03, eino_curves_04
D:5:      layout_gridville, st_stairs_4, palyth_stone_intersect, uniq_duvessa,
          uniq_edmund

Skill      XL: |  1  2  3  4  5  6 |
---------------+-------------------+-----
Ranged Weapons | 6 7 9 10 | 10.4
Fighting       | |  2.1
Dodging        | |  2.4
Stealth        | |  1.3

Action                     |  1- 3 |  4- 6 |  7- 9 || total
---------------------------+-------+-------+-------++-------
  Melee: Dagger            |       |     4 |       ||     4
   Fire: Shortbow          |    87 |   108 |    18 ||   213
 Armour: Leather armour    |     7 |    15 |     5 ||    27
  Dodge: Dodged            |    19 |    23 |     6 ||    48

Table legend: (Time is in decaauts)
 A = Elapsed time spent in this place.
 B = Non-inter-level travel time spent in this place.
 C = Inter-level travel time spent in this place.
 D = Time resting spent in this place.
 E = Time spent auto-exploring this place.
 F = Levels seen in this place.
 G = Mean time per level.
                   A        B        C        D        E       F      G
               +--------+--------+--------+--------+--------+-----+--------+
         Total |   3283 |   3222 |     61 |      0 |   2838 |   5 |  656.6 |
       Dungeon |   3283 |   3222 |     61 |      0 |   2838 |   5 |  656.6 |
               +--------+--------+--------+--------+--------+-----+--------+

Top non-repeatable levels by time:
     D:3: 1223 daAuts
     D:1: 799 daAuts
     D:2: 728 daAuts
     D:4: 394 daAuts
     D:5: 137 daAuts
